 Seeded DCSS version 0.30-a0-1008-g30c9307041 (webtiles) character file.

Game seed: 14461705092793326849 (custom seed)

107 Pimp the Chiller (level 4, 0/31 HPs)
             Began as a Barachi Ice Elementalist on Apr 5, 2023.
             Slain by a worm (10 damage)
             ... on level 3 of the Dungeon.
             The game lasted 00:06:21 (2317 turns).

Pimp the Chiller (Barachi Ice Elementalist)         Turns: 2317, Time: 00:06:21

Health: 0/31       AC:  4    Str: 11    XL:     4   Next: 85%
Magic:  6/8        EV: 12    Int: 16    God:
Gold:   1097       SH:  0    Dex: 12    Spells: 2/9 levels left

rFire   . . .      SeeInvis .    e - +1 dagger (venom)
rCold   + . .      Faith    .    (no shield)
rNeg    . . .      Spirit   .    a - +0 robe
rPois   .          Reflect  .    (no helmet)
rElec   .          Rampage  .    (no cloak)
rCorr   .                        (no gloves)
Will    .....                    c - +1 pair of boots
Stlth   ++                       (no amulet)
HPRegen 0.25/turn                j - ring of protection from cold
MPRegen 0.11/turn                m - ring of wizardry

@: slow
A: amphibious, slowness 1, strong legs 1, +LOS
a: Hop


You were on level 3 of the Dungeon.
You visited 1 branch of the dungeon, and saw 3 of its levels.

You collected 1097 gold pieces.

Inventory:

Hand Weapons
 e - a +1 dagger of venom (weapon)
Armour
 a - a +0 robe (worn)
 c - a +1 pair of boots (worn)
 n - a +0 ring mail
Jewellery
 j - a ring of protection from cold (left hand)
 m - a ring of wizardry (right hand)
Scrolls
 d - 3 scrolls of vulnerability {unknown}
 f - 3 scrolls of silence {unknown}
 h - 2 scrolls of identify {unknown}
 i - a scroll of poison
 k - a scroll of amnesia
 l - 2 scrolls of blinking {unknown}
Potions
 b - a potion of magic
 g - a potion of heal wounds {unknown}
 q - a potion of curing


   Skills:
 + Level 0.5 Fighting
 + Level 0.4 Armour
 + Level 3.2 Dodging
 - Level 2.5 Stealth
 + Level 3.1 Spellcasting
 + Level 5.5 Ice Magic


You had 2 spell levels left.
You knew the following spells:

 Your Spells              Type           Power      Damage    Failure   Level
a - Freeze                Ice            80%        1d9       1%          1
b - Frozen Ramparts       Ice            40%        1d7       2%          3
c - Ozocubu's Armour      Ice            20%        N/A       2%          3

Your spell library contained the following spells:

 Spells                   Type           Power      Damage    Failure   Level
 Summon Ice Beast         Ice/Summ       11%        N/A       24%         4
 Fireball                 Conj/Fire      1%         3d3       87%         5
 Iskenderun's Battlesphe  Conj           2%         2d6       87%         5
 Conjure Ball Lightning   Conj/Air       1%         3x3d6     100%        6
 Orb of Destruction       Conj           1%         9d5       100%        7


Dungeon Overview and Level Annotations

Branches:
Dungeon (3/15)

Altars:
Nemelex Xobeh


Innate Abilities, Weirdness & Mutations

You are amphibious.
You cover ground slowly.
You can hop short distances.
You have an extended range of vision and can be seen from far away.


Message History

Confirm with . or Enter, or press ? or * to list all spells.
Aiming: Freeze (safe; 1% risk of failure)
Press: ? - help, Shift-Dir - straight line, f - adder
Aim: an adder You freeze the adder.
The adder is heavily wounded.
The adder bites you but does no damage.
The endoplasm hits you but does no damage.
The endoplasm attacks as you move away! The endoplasm misses you.
The adder bites you but does no damage. The adder bites you.
The adder attacks as you move away! The adder bites you but does no damage.
The endoplasm attacks as you move away! The endoplasm closely misses you.
There are monsters nearby!
The adder attacks as you move away! The adder misses you.
The adder bites you but does no damage.
You miss the adder.
The adder is heavily wounded.
The adder bites you.
You are poisoned.
The adder poisons you!
You hit the adder.
The adder is poisoned.
The adder is almost dead.
You feel sick.
You kill the adder!
You hit the endoplasm.
The endoplasm is moderately wounded.
You feel sick. The endoplasm freezes you.
You are frozen.
You resist.
You hit the endoplasm.
You kill the endoplasm!
You feel sick.
You hit the worm.
The worm is poisoned.
The worm is moderately wounded.
You feel sick.
You are no longer poisoned.
You hit the worm.
The worm looks as sick as possible!
The worm is heavily wounded.
The worm bites you!
You die...

#.########..##.# #....#
#.#####>.....#.# #....#
#.........#.##.###....##
#####.....#.......†.....
#.....##############
#..)..#...# .+
#.....#.8.+ ..#
###.###...# ..#
#@###...#..# #w#.w.8.'#
#...#...#.# #...#...# .#
#...#.8.+ .. #...#...#
## #...##### ###
#......# #.. #...##.###
###


You could see a worm (extremely poisoned).

Vanquished Creatures
  3 adders (D:3)
  2 worms (D:3)
  2 dart slugs
  An orc (D:3)
  4 ball pythons
  7 endoplasms
  3 giant cockroaches
  5 goblins
  10 hobgoblins
  2 jackals (D:1)
  4 quokkas
  7 bats
  6 frilled lizards
  4 kobolds
  5 rats
65 creatures vanquished.

Notes
Turn   | Place    | Note
-------+----------+-------------------------------------------
     0 | D:1      | Pimp the Barachi Ice Elementalist began the quest for the
                  | Orb.
     0 | D:1      | Reached XP level 1. HP: 13/13 MP: 3/3
   143 | D:1      | Reached skill level 5 in Ice Magic
   143 | D:1      | Reached XP level 2. HP: 19/19 MP: 0/5
   378 | D:1      | Reached XP level 3. HP: 24/24 MP: 4/6
   894 | D:2      | Found a sparkling altar of Nemelex Xobeh.
  1727 | D:3      | Reached XP level 4. HP: 9/30 MP: 6/8
  2188 | D:3      | Learned a level 3 spell: Frozen Ramparts
  2192 | D:3      | Learned a level 3 spell: Ozocubu's Armour
  2206 | D:3      | Identified a scroll of acquirement
  2206 | D:3      | Acquired 981 gold pieces
  2317 | D:3      | Slain by a worm

Illustrated notes

Levels and vault maps discovered:
D:1:      wander_arrival_peaceful_grave, layout_basic, serial_curves,
          eino_curves_03, eino_curves_03, roderic_filled_cross,
          minmay_hexomino_p4
D:2:      layout_rooms, basic_altar
D:3:      minmay_chambers_of_threes, layout_basic

Skill      XL: |  1  2  3  4 |
---------------+-------------+-----
Stealth        | 2 |  2.5
Ice Magic      | 5 |  5.5
Dodging        | 3 |  3.2
Spellcasting   | 3 |  3.1
Fighting       | |  0.5
Armour         | |  0.4

Action                     |  1- 3 |  4- 6 || total
---------------------------+-------+-------++-------
  Melee: Unarmed           |     3 |       ||     3
         Dagger            |   102 |    53 ||   155
   Cast: Freeze            |    20 |    10 ||    30
    Use: Scroll            |     4 |     2 ||     6
         Potion            |       |     1 ||     1
   Stab: Sleeping          |     3 |     1 ||     4
 Armour: Robe              |    28 |    20 ||    48
  Dodge: Dodged            |    91 |    43 ||   134

Table legend: (Time is in decaauts)
 A = Elapsed time spent in this place.
 B = Non-inter-level travel time spent in this place.
 C = Inter-level travel time spent in this place.
 D = Time resting spent in this place.
 E = Time spent auto-exploring this place.
 F = Levels seen in this place.
 G = Mean time per level.
                   A        B        C        D        E       F      G
               +--------+--------+--------+--------+--------+-----+--------+
         Total |   2582 |   2479 |    103 |    612 |   1134 |   3 |  860.7 |
       Dungeon |   2582 |   2479 |    103 |    612 |   1134 |   3 |  860.7 |
               +--------+--------+--------+--------+--------+-----+--------+

Top non-repeatable levels by time:
     D:1: 911 daAuts
     D:3: 851 daAuts
     D:2: 819 daAuts
